 Dungeon Crawl Stone Soup version 0.32-a0-818-gb728d0252e (webtiles) character file.

Game seed: 14411323212458249481

7 Esekla the Sneak (level 2, -5/21 HPs)
             Began as an Octopode Delver on Mar 24, 2024.
             Killed from afar by a white imp (13 damage)
             ... with a puff of frost
             ... on level 5 of the Dungeon.
             The game lasted 00:03:50 (221 turns).

Esekla the Sneak (Octopode Delver)                   Turns: 221, Time: 00:03:50

Health: -5/21      AC:  1    Str: 11    XL:     2   Next: 0%
Magic:  2/2        EV: 12    Int: 12    God:
Gold:   15         SH:  0    Dex: 13    Spells: 1/1 levels left

rFire   . . .        a - +0 falchion
rCold   . . .        (no shield)
rNeg    . . .        (helmet restricted)
rPois   .            (no amulet)
rElec   .            (no ring)
rCorr   .            (no ring)
SInv    .            (no ring)
Will    .....        (no ring)
Stlth   ++++         (no ring)
HPRegen 0.23/turn    (no ring)
MPRegen 0.08/turn    (no ring)
                     (no ring)

%: no passive effects
@: no status effects
A: almost no armour, amphibious, 8 rings, camouflage 1, gelatinous body 1,
(nimble swimmer 1), tentacles
a: no special abilities


You were on level 5 of the Dungeon.
You visited 1 branch of the dungeon, and saw 1 of its levels.

You collected 15 gold pieces.

Inventory:

Hand Weapons
 a - a +0 falchion (weapon)
Wands
 f - a wand of digging (2)
 g - a wand of flame (4)
Scrolls
 b - a scroll of fog
 c - a scroll of noise {unknown}
Potions
 e - a potion of haste


   Skills:
 * Level 3.1 Fighting
 + Level 2.0 Long Blades
 * Level 2.0 Dodging
 + Level 6.8 Stealth
 * Level 0.2 Spellcasting


You had one spell level left.
You didn't know any spells.
Your spell library was empty.

Dungeon Overview and Level Annotations

Branches:
Dungeon (5/15)             Temple (0/1) D:5

Altars:


Innate Abilities, Weirdness & Mutations

You cannot wear most types of armour.
You are amphibious.
You can wear up to eight rings at the same time.
Your skin changes colour to match your surroundings (Stealth+).
Your rubbery body absorbs attacks. (AC +1, EV +1)
((You are camouflaged when in or above water. (Stealth+)))
You have tentacles for arms and can constrict up to eight enemies at once.


Message History

A kobold comes into view. It is wielding a +0 dagger.
The kobold brigand throws a poisoned dart.
The poisoned dart hits you!
You are poisoned.
The kobold closely misses you.
As you read the scroll of fear, it crumbles to dust.
You assume a fearsome visage.
The kobold brigand looks frightened!
The kobold looks frightened!
The kobold shouts!
The kobold looks frightened! x3
The kobold shouts!
The scorpion looks frightened!
The ogre looks frightened!
You feel sick.
The ogre mutters, "Of all the rotten luck!"
You feel sick.
The kobold brigand starts to cry.
You feel sick.
The kobold throws a stone.
The stone closely misses you.
Aiming: Dig
Press: ? - help, Shift-Dir - straight line The rock shatters into small pieces.
The kobold shouts!
You feel sick.
The kobold throws a stone.
The stone closely misses you.
Found a robe.
You feel sick.
The kobold throws a stone.
The stone hits you.
* * * LOW HITPOINT WARNING * * *
The kobold throws a stone.
The stone barely misses you.
Found a scroll labelled TYISUTS AXTOERPH.
You feel sick.
You are no longer poisoned.
You see here a scroll labelled QAUXTO ZIRICW.
c - a scroll labelled QAUXTO ZIRICW The kobold throws a stone.
The stone hits you but does no damage.
The white imp shouts, "Flee, thou bawdy clay-brained flirt-gill!"
You hit the white imp but do no damage. Your grab misses the white imp.
The kobold seems to regain its courage.
The white imp barely misses you.
You hit the white imp. You grab the white imp. You squeeze the white imp.
The white imp is heavily wounded.
You constrict the white imp.
The kobold throws a stone.
The stone misses you. The white imp gestures at you.
The puff of frost hits you!
Ouch! That really hurt!
You die...

*,,.#............# *,,.#*,,,**,,*
*,,,.............###..,.#####,,,*
##+##................,*,....,,*,*
....................#***#..,,,,,#
#.......#...........#####.###*###
#...#.#.#...................###..
#.,...#.........#........##......
*.....#.#....................####
#.#.#.#.#.......@.........)......
#.....#.#######..5###...........#
#.....#.##................#...#.#
#K#.#K#.##........##.###.####.>..
#.....#.##.....<..##.# #..#######
#.....#.#####K###....# ##.#####..
#.#.#.###...K.....#### ##.#......
#.....##.....####.# ##........
#......KK....#**#.#****####......


You could see a white imp and 2 kobolds.

Vanquished Creatures
  A white imp (D:5)
1 creature vanquished.

Notes
Turn   | Place    | Note
-------+----------+-------------------------------------------
     0 | D:5      | Esekla the Octopode Delver began the quest for the Orb.
     0 | D:5      | Reached XP level 1. HP: 16/16 MP: 1/1
     6 | D:5      | Noticed an ogre
    17 | D:5      | Found a staircase to the Ecumenical Temple.
    34 | D:5      | Noticed an iguana
    37 | D:5      | Noticed an ogre
    42 | D:5      | Noticed a scorpion
   134 | D:5      | Noticed a kobold brigand
   169 | D:5      | Reached XP level 2. HP: 5/21 MP: 2/2
   221 | D:5      | Killed from afar by a white imp

Illustrated notes

Levels and vault maps discovered:
D:5:      cheibrodos_quashed, layout_rooms, evilmike_ruin_ashenzari,
          minmay_temple_entry_sparse_star, columned_hall_lemuel, minivault_26,
          uniq_duvessa

Action                     || total
---------------------------++-------
  Melee: Falchion          ||     5
         Constrict         ||     2
         Tentacles         ||     2
  Evoke: Wand              ||     1
    Use: Scroll            ||     2
 Armour: Skin              ||     5
  Dodge: Dodged            ||     7

Table legend: (Time is in decaauts)
 A = Elapsed time spent in this place.
 B = Non-inter-level travel time spent in this place.
 C = Inter-level travel time spent in this place.
 D = Time resting spent in this place.
 E = Time spent auto-exploring this place.
 F = Levels seen in this place.
 G = Mean time per level.
                   A        B        C        D        E       F      G
               +--------+--------+--------+--------+--------+-----+--------+
         Total |    221 |    221 |      0 |      0 |      0 |   1 |  221.0 |
       Dungeon |    221 |    221 |      0 |      0 |      0 |   1 |  221.0 |
               +--------+--------+--------+--------+--------+-----+--------+

Top non-repeatable levels by time:
     D:5: 221 daAuts
